Sharks vs Ducks

Created - Thursday, December 10, 2015 at 02:01

Goals
1 2 3 T
Sharks 0 1 2 3
Ducks 1 0 0 1
Shots
1 2 3 T
Sharks 10 3 8 21
Ducks 12 14 7 33

1st period

1. Ducks , Matthew Carle 1 (Nick Foligno, Patrick Kane) at 4:17 (PP)

Penalties :
Ian Cole (SJ ) for Interference (Minor) at 3:22, Tyler Bozak (Ana) for Tripping (Minor) at 5:11, Matthew Carle (Ana) for Hooking (Minor) at 8:24, Brad Richardson (Ana) for Fighting (Major) at 12:12, Nicolas Deslauriers (SJ ) for Fighting (Major) at 12:12, Richard Panik (SJ ) for Cross-checking (Minor) at 13:10, Mike Weber (SJ ) for Hooking (Minor) at 14:46, James Wisniewski (Ana) for Tripping (Minor) at 17:30

2nd period

2. Sharks , Brad Richards 6 (Luca Sbisa) at 16:29 (PP)

Penalties :
Dion Phaneuf (SJ ) for Hooking (Minor) at 1:25, Richard Panik (SJ ) for Slashing (Minor) at 4:14, Brett Bellemore (Ana) for Hooking (Minor) at 7:22, Andrew MacWilliam (Ana) for Roughing (Minor) at 15:35

3rd period

3. Sharks , Brad Richards 7 (Erik Cole, Jay Harrison) at 4:04 (PP)
4. Sharks , Vernon Fiddler 5 (Derek Roy) at 14:21 (PP)

Penalties :
Brian Gionta (SJ ) for Goalie Interference (Minor) at 0:09, Christian Folin (Ana) for Goalie Interference (Minor) at 2:58, Christian Folin (Ana) for Holding (Minor) at 4:46, Korbinian Holzer (Ana) for Cross-checking (Minor) at 7:33, Nicolas Deslauriers (SJ ) for Hooking (Minor) at 10:32, James Wisniewski (Ana) for Interference (Minor) at 14:18, Richard Panik (SJ ) for Hooking (Minor) at 18:03

Goalie Stats

Jonathan Quick (SJ ), 32 saves from 33 shots - (0.970), W, 9-13-1, 60:00 minutes
Jonathan Bernier (Ana), 18 saves from 21 shots - (0.857), L, 12-7-8, 60:00 minutes

Players Stats for Sharks

Player Name              G  A  P  +/- PIM S  H  SB GA TA FO     MP     PP MP  PK MP  
------------------------------------------------------------------------------------
Brad Richards            2  0  2   0  0   3  0  1  1  1  2/13   19:16   6:22   4:37 
Brendan Mikkelson        0  0  0   0  0   0  0  0  0  0  0/0    11:07   0:00   0:00 
Brian Gionta             0  0  0   0  2   0  1  0  0  0  7/15   23:18   6:20   6:08 
Curtis Glencross         0  0  0   0  0   1  1  1  1  0  2/3     8:34   0:00   3:45 
Derek Roy                0  1  1   0  0   3  1  0  2  1  0/0    16:20   7:35   0:38 
Dion Phaneuf             0  0  0   0  2   3  6  3  0  0  0/0    28:08   8:10   8:25 
Erik Cole                0  1  1   0  0   1  3  0  5  0  0/0    22:03   6:22   7:41 
Ian Cole                 0  0  0   0  2   0  0  3  0  1  0/0     3:37   0:00   1:14 
Jay Harrison             0  1  1   0  0   0  0  3  0  1  0/0    21:25   5:47   7:54 
Luca Sbisa               0  1  1   0  0   0  0  0  0  0  0/0    20:56   8:10   4:43 
Mark Barberio            0  0  0   0  0   0  0  1  0  0  0/0    10:34   0:00   1:52 
Maxim Lapierre           0  0  0   0  0   0  1  1  0  1  5/6    10:45   0:00   0:00 
Mike Weber               0  0  0   0  2   1  1  0  0  1  0/0    24:26   5:47   4:35 
Nicolas Deslauriers      0  0  0   0  7   0  0  0  0  0  0/0     7:54   0:00   2:05 
Olli Jokinen             0  0  0   0  0   3  1  0  0  0  0/0    15:42   7:35   0:00 
Richard Panik            0  0  0   0  6   0  0  0  2  0  0/2    11:01   0:00   0:16 
Tomas Fleischmann        0  0  0   0  0   4  0  0  2  0  0/0    11:07   0:02   0:00 
Vernon Fiddler           1  0  1   0  0   2  1  0  0  0  10/15  18:53   7:35   3:11 

Players Stats for Ducks

Player Name              G  A  P  +/- PIM S  H  SB GA TA FO     MP     PP MP  PK MP  
------------------------------------------------------------------------------------
Andrew MacWilliam        0  0  0   0  2   0  2  2  0  0  0/0    23:46   8:25   6:35 
Antoine Vermette         0  0  0   0  0   1  1  0  1  0  4/13   15:33   0:00   9:41 
Blake Comeau             0  0  0   0  0   0  0  1  0  0  0/0     6:17   0:00   1:30 
Brad Richardson          0  0  0   0  5   3  0  0  0  0  0/0     9:34   0:00   0:00 
Brett Bellemore          0  0  0   0  2   2  0  0  0  1  0/0     2:16   0:00   0:00 
Christian Folin          0  0  0   0  4   0  1  0  0  2  0/0    12:46   0:00   2:20 
Drew Miller              0  0  0   0  0   1  0  0  0  0  0/0    10:49   0:00   0:00 
Henrik Sedin             0  0  0   0  0   1  0  0  0  0  13/17  17:41   7:21   4:16 
James Wisniewski         0  0  0   0  4   1  5  2  0  1  0/0    22:38   5:57   5:58 
Jean-Gabriel Pageau      0  0  0   0  0   1  8  0  1  0  0/5    10:49   0:00   0:00 
Johnny Boychuk           0  0  0   0  0   0  3  1  0  0  0/0    28:01   8:25   8:32 
Jonathan Huberdeau       0  0  0   0  0   4  0  0  3  0  0/1    17:11   7:01   0:00 
Korbinian Holzer         0  0  0   0  2   4  0  2  0  4  0/0    14:51   0:00   4:29 
Matthew Carle            1  0  1   0  2   4  1  1  0  0  0/0    16:11   5:57   0:00 
Nick Foligno             0  1  1   0  0   2  2  0  1  0  0/0    17:11   7:21   0:00 
Nikita Kucherov          0  0  0   0  0   3  3  0  2  0  1/2    17:11   7:01   0:00 
Patrick Kane             0  1  1   0  0   5  1  1  5  0  0/2    22:42   7:21   9:23 
Tyler Bozak              0  0  0   0  2   1  6  0  0  0  10/14  20:26   7:01   3:04 

3 Stars

1 - Jonathan Quick (SJ )
2 - Brad Richards (SJ )
3 - Vernon Fiddler (SJ )

Power Play

Sharks - 3 on 9 Attempt(s) - 33.33%
Ducks - 1 on 8 Attempt(s) - 12.50%

Penalty Kill

Sharks - 7 on 8 Attempt(s) - 87.50% - Score 0 goal in Penalty Kill
Ducks - 6 on 9 Attempt(s) - 66.67% - Score 0 goal in Penalty Kill

Team Stat

Sharks - Hits : 16 - Faceoff Wins : 26 - Blocked Shots : 13 - Penalty Minutes : 21
Ducks - Hits : 33 - Faceoff Wins : 28 - Blocked Shots : 10 - Penalty Minutes : 23

Official

Referees : Unknown
Linesman : Unknown

Game Notes

Nicolas Deslauriers beats up Brad Richardson at 12:12 of 1st period

Finance

Level 1 -- Attendance: 3948 (65.80%) -- Ticket Income $375,060
Level 2 -- Attendance: 4780 (95.60%) -- Ticket Income $239,000
Level 3 -- Attendance: 1880 (94.00%) -- Ticket Income $56,400
Level 4 -- Attendance: 3812 (95.30%) -- Ticket Income $68,616
Luxury Box -- Attendance: 711 (71.10%) -- Ticket Income $131,535
Game was played at the Honda Center.
Total Attendance: 15131 (84.06%)
Total Ticket Income: $870,611
Other Income: $426,599
Total Income: $1,297,210

Sharks

5 vs 5 Forward 
   Center                   Left Wing                Right Wing               Time % Phy DF OF 
 1 Brad Richards            Erik Cole                Brian Gionta             35     1   2  2  
 2 Vernon Fiddler           Olli Jokinen             Derek Roy                30     1   2  2  
 3 Maxim Lapierre           Tomas Fleischmann        Richard Panik            22     1   2  2  
 4 Brian Gionta             Curtis Glencross         Nicolas Deslauriers      13     1   2  2  

5 vs 5 Defense 
   Defense                  Defense                                           Time % Phy DF OF 
 1 Dion Phaneuf             Mark Barberio                                     35     1   2  2  
 2 Mike Weber               Brendan Mikkelson                                 30     1   2  2  
 3 Luca Sbisa               Jay Harrison                                      22     1   2  2  
 4 Ian Cole                 Dion Phaneuf                                      13     1   2  2  

PowerPlay Forward 
   Center                   Left Wing                Right Wing               Time % Phy DF OF 
 1 Brad Richards            Erik Cole                Brian Gionta             60     1   2  2  
 2 Vernon Fiddler           Olli Jokinen             Derek Roy                40     1   2  2  

PowerPlay Defense
   Defense                  Defense                                           Time % Phy DF OF 
 1 Dion Phaneuf             Luca Sbisa                                        60     1   2  2  
 2 Mike Weber               Jay Harrison                                      40     1   2  2  

Penalty Kill 4 Players Forward 
   Center                   Wing                     Time % Phy DF OF 
 1 Brian Gionta             Erik Cole                60     1   2  2  
 2 Brad Richards            Vernon Fiddler           40     1   2  2  

Penalty Kill 4 Players Defense
   Defense                  Defense                  Time % Phy DF OF 
 1 Dion Phaneuf             Jay Harrison             60     1   2  2  
 2 Mike Weber               Luca Sbisa               40     1   2  2  

Penalty Kill - 3 Players Forward 
   Forward                                           Time % Phy DF OF 
 1 Brad Richards                                     60     1   2  2  
 2 Erik Cole                                         40     1   2  2  

Penalty Kill - 3 Players Defense
   Defense                  Defense                  Time % Phy DF OF 
 1 Dion Phaneuf             Mark Barberio            60     1   2  2  
 2 Mike Weber               Ian Cole                 40     1   2  2  

4 vs 4 Forward 
   Center                   Wing                     Time % Phy DF OF 
 1 Olli Jokinen             Erik Cole                60     1   2  2  
 2 Brad Richards            Vernon Fiddler           40     1   2  2  

4 vs 4 Defense
   Defense                  Defense                  Time % Phy DF OF 
 1 Dion Phaneuf             Ian Cole                 60     1   2  2  
 2 Mike Weber               Mark Barberio            40     1   2  2  

Last Minutes Offensive
   Center                   Left Wing                Right Wing               Defense                  Defense                  
   Brad Richards            Erik Cole                Brian Gionta             Dion Phaneuf             Mark Barberio            

Last Minutes Defensive
   Center                   Left Wing                Right Wing               Defense                  Defense                  
   Brad Richards            Erik Cole                Brian Gionta             Dion Phaneuf             Mark Barberio            

Goaltenders
Starting : Jonathan Quick           
Backup : Joey MacDonald           

Extra Forwards
Normal : Tomas Fleischmann, Maxim Lapierre, Curtis Glencross - PP : Tomas Fleischmann, Maxim Lapierre - PK : Curtis Glencross
Extra Defensemen
Normal : Luca Sbisa, Jay Harrison, Ian Cole - PP : Luca Sbisa - PK : Jay Harrison, Ian Cole
Penalty Shots
Tomas Fleischmann, Erik Cole, Brad Richards, Vernon Fiddler, Olli Jokinen

Ducks

5 vs 5 Forward 
   Center                   Left Wing                Right Wing               Time % Phy DF OF 
 1 Henrik Sedin             Nick Foligno             Patrick Kane             36     1   2  2  
 2 Tyler Bozak              Jonathan Huberdeau       Nikita Kucherov          30     1   2  2  
 3 Antoine Vermette         Blake Comeau             Nick Foligno             21     1   2  2  
 4 Jean-Gabriel Pageau      Brad Richardson          Drew Miller              13     1   2  2  

5 vs 5 Defense 
   Defense                  Defense                                           Time % Phy DF OF 
 1 Johnny Boychuk           Andrew MacWilliam                                 35     1   2  2  
 2 James Wisniewski         Christian Folin                                   30     1   2  2  
 3 Korbinian Holzer         Matthew Carle                                     22     1   2  2  
 4 Johnny Boychuk           Brett Bellemore                                   13     1   2  2  

PowerPlay Forward 
   Center                   Left Wing                Right Wing               Time % Phy DF OF 
 1 Henrik Sedin             Nick Foligno             Patrick Kane             60     1   2  2  
 2 Tyler Bozak              Jonathan Huberdeau       Nikita Kucherov          40     1   2  2  

PowerPlay Defense
   Defense                  Defense                                           Time % Phy DF OF 
 1 Johnny Boychuk           Andrew MacWilliam                                 60     1   2  2  
 2 James Wisniewski         Matthew Carle                                     40     1   2  2  

Penalty Kill 4 Players Forward 
   Center                   Wing                     Time % Phy DF OF 
 1 Antoine Vermette         Patrick Kane             60     1   2  2  
 2 Henrik Sedin             Tyler Bozak              40     1   2  2  

Penalty Kill 4 Players Defense
   Defense                  Defense                  Time % Phy DF OF 
 1 Johnny Boychuk           Andrew MacWilliam        60     1   2  2  
 2 James Wisniewski         Korbinian Holzer         40     1   2  2  

Penalty Kill - 3 Players Forward 
   Forward                                           Time % Phy DF OF 
 1 Henrik Sedin                                      60     1   2  2  
 2 Patrick Kane                                      40     1   2  2  

Penalty Kill - 3 Players Defense
   Defense                  Defense                  Time % Phy DF OF 
 1 Johnny Boychuk           Korbinian Holzer         60     1   2  2  
 2 James Wisniewski         Andrew MacWilliam        40     1   2  2  

4 vs 4 Forward 
   Center                   Wing                     Time % Phy DF OF 
 1 Jonathan Huberdeau       Patrick Kane             60     1   2  2  
 2 Henrik Sedin             Tyler Bozak              40     1   2  2  

4 vs 4 Defense
   Defense                  Defense                  Time % Phy DF OF 
 1 Johnny Boychuk           Matthew Carle            60     1   2  2  
 2 James Wisniewski         Andrew MacWilliam        40     1   2  2  

Last Minutes Offensive
   Center                   Left Wing                Right Wing               Defense                  Defense                  
   Nick Foligno             Jonathan Huberdeau       Patrick Kane             Johnny Boychuk           Andrew MacWilliam        

Last Minutes Defensive
   Center                   Left Wing                Right Wing               Defense                  Defense                  
   Nick Foligno             Jonathan Huberdeau       Patrick Kane             Johnny Boychuk           Andrew MacWilliam        

Goaltenders
Starting : Jonathan Bernier         
Backup : Jhonas Enroth            

Extra Forwards
Normal : Antoine Vermette, Blake Comeau, Patrick Kane - PP : Antoine Vermette, Blake Comeau - PK : Patrick Kane
Extra Defensemen
Normal : Andrew MacWilliam, Johnny Boychuk, James Wisniewski - PP : Johnny Boychuk - PK : Johnny Boychuk, James Wisniewski
Penalty Shots
Nick Foligno, Patrick Kane, Henrik Sedin, Tyler Bozak, Antoine Vermette

% Time on Ice - Sharks

Lines # - Real PCT - Wanted PCT - Time Play
Normal Forward
1 - 26% - 35% - 8:16
2 - 26% - 30% - 8:07
3 - 34% - 22% - 10:45
4 - 14% - 13% - 4:33
Normal Defense
1 - 32% - 35% - 10:10
2 - 45% - 30% - 14:23
3 - 16% - 22% - 5:00
4 - 7% - 13% - 2:08
PP Forward
1 - 46% - 60% - 6:22
2 - 54% - 40% - 7:35
PP Defense
1 - 59% - 60% - 8:10
2 - 41% - 40% - 5:47
PK Forward
1 - 77% - 60% - 10:48
2 - 23% - 40% - 3:11
PK Defense
1 - 66% - 60% - 9:16
2 - 34% - 40% - 4:43
PK3 Forward
1 - 100% - 60% - 0:23
2 - 0% - 40% - 0:00
PK3 Defense
1 - 100% - 60% - 0:23
2 - 0% - 40% - 0:00
44 Forward
1 - 0% - 60%
2 - 0% - 40%
44 Defense
1 - 0% - 60%
2 - 0% - 40%
Last Minute Offensive  - 0:00
Last Minute Defensive  - 0:00
Total
Forward - 60:00
Defense - 60:00

% Time on Ice - Ducks

Lines # - Real PCT - Wanted PCT - Time Play
Normal Forward
1 - 20% - 36% - 6:27
2 - 32% - 30% - 10:10
3 - 13% - 21% - 4:15
4 - 34% - 13% - 10:49
Normal Defense
1 - 28% - 35% - 8:47
2 - 34% - 30% - 10:49
3 - 31% - 22% - 9:48
4 - 7% - 13% - 2:17
PP Forward
1 - 51% - 60% - 7:21
2 - 49% - 40% - 7:01
PP Defense
1 - 59% - 60% - 8:25
2 - 41% - 40% - 5:57
PK Forward
1 - 72% - 60% - 10:04
2 - 28% - 40% - 3:53
PK Defense
1 - 54% - 60% - 7:29
2 - 46% - 40% - 6:28
PK3 Forward
1 - 0% - 60%
2 - 0% - 40%
PK3 Defense
1 - 0% - 60%
2 - 0% - 40%
44 Forward
1 - 0% - 60%
2 - 0% - 40%
44 Defense
1 - 0% - 60%
2 - 0% - 40%
Last Minute Offensive  - 0:00
Last Minute Defensive  - 0:00
Total
Forward - 60:00
Defense - 60:00

Play by Play

1st period


0:01 of 1st period - Henrik Sedin wins face-off versus Brad Richards in neutral zone.
0:36 of 1st period - Wrist shot by Erik Cole.
0:36 of 1st period - Stopped by Jonathan Bernier without a rebound.
0:37 of 1st period - Vernon Fiddler wins face-off versus Jonathan Huberdeau in Ducks zone.
1:06 of 1st period - Snap shot by Nikita Kucherov.
1:06 of 1st period - Deflect By Jonathan Huberdeau.
1:06 of 1st period - Stopped by Jonathan Quick with a rebound.
2:20 of 1st period - Slapshot by Antoine Vermette.
2:20 of 1st period - Stopped by Jonathan Quick with a rebound.
2:26 of 1st period - Nick Foligno is hit by Curtis Glencross and loses puck.
2:33 of 1st period - Slapshot by Dion Phaneuf.
2:33 of 1st period - Shot Blocked by Matthew Carle.
2:35 of 1st period - Snap shot by Brian Gionta.
2:35 of 1st period - Shot Blocked by Blake Comeau.
2:37 of 1st period - Slapshot by Nicolas Deslauriers.
2:37 of 1st period - Deflect By Curtis Glencross.
2:37 of 1st period - Stopped by Jonathan Bernier without a rebound.
2:38 of 1st period - Henrik Sedin wins face-off versus Brad Richards in Ducks zone.
2:42 of 1st period - Off-side.
2:43 of 1st period - Henrik Sedin wins face-off versus Brad Richards in neutral zone.
2:56 of 1st period - Wrist shot by Patrick Kane.
2:56 of 1st period - Stopped by Jonathan Quick with a rebound.
2:58 of 1st period - Slapshot by Brett Bellemore.
2:58 of 1st period - Stopped by Jonathan Quick with a rebound.
3:00 of 1st period - Slapshot by Brett Bellemore.
3:00 of 1st period - Stopped by Jonathan Quick with a rebound.
3:02 of 1st period - Slapshot by Patrick Kane.
3:02 of 1st period - Stopped by Jonathan Quick with a rebound.
3:04 of 1st period - Snap shot by Brett Bellemore.
3:04 of 1st period - Shot Blocked by Ian Cole.
3:06 of 1st period - Wrist shot by Patrick Kane.
3:06 of 1st period - Shot Blocked by Dion Phaneuf.
3:08 of 1st period - Slapshot by Johnny Boychuk.
3:08 of 1st period - Shot Blocked by Ian Cole.
3:10 of 1st period - Wrist shot by Patrick Kane.
3:10 of 1st period - Shot Misses the Net.
3:12 of 1st period - Slapshot by Brett Bellemore.
3:12 of 1st period - Shot Misses the Net.
3:14 of 1st period - Wrist shot by Henrik Sedin.
3:14 of 1st period - Shot Misses the Net.
3:22 of 1st period - Minor Penalty to Ian Cole for Interference.
3:23 of 1st period - Tyler Bozak wins face-off versus Brian Gionta in Sharks zone.
4:15 of 1st period - Slapshot by Nick Foligno.
4:15 of 1st period - Shot Blocked by Jay Harrison.
4:17 of 1st period - Snap shot by Matthew Carle.
4:17 of 1st period - Goal by Matthew Carle - Sharks : 0 - Ducks : 1.
4:18 of 1st period - Vernon Fiddler wins face-off versus Antoine Vermette in neutral zone.
5:11 of 1st period - Minor Penalty to Tyler Bozak for Tripping.
5:12 of 1st period - Vernon Fiddler wins face-off versus Antoine Vermette in Ducks zone.
7:00 of 1st period - Andrew MacWilliam is hit by Derek Roy and loses puck.
7:11 of 1st period - Penalty to Tyler Bozak is over, Tyler Bozak is back on ice.
7:22 of 1st period - Off-side.
7:23 of 1st period - Tyler Bozak wins face-off versus Brad Richards in neutral zone.
8:03 of 1st period - Snap shot by Tomas Fleischmann.
8:03 of 1st period - Stopped by Jonathan Bernier without a rebound.
8:04 of 1st period - Brian Gionta wins face-off versus Jean-Gabriel Pageau in Ducks zone.
8:24 of 1st period - Minor Penalty to Matthew Carle for Hooking.
8:25 of 1st period - Vernon Fiddler wins face-off versus Antoine Vermette in Ducks zone.
8:39 of 1st period - Wrist shot by Dion Phaneuf.
8:39 of 1st period - Shot Blocked by James Wisniewski.
8:41 of 1st period - Slapshot by Luca Sbisa.
8:41 of 1st period - Shot Blocked by Korbinian Holzer.
8:43 of 1st period - Slapshot by Dion Phaneuf.
8:43 of 1st period - Stopped by Jonathan Bernier with a rebound.
8:45 of 1st period - Snap shot by Derek Roy.
8:45 of 1st period - Stopped by Jonathan Bernier with a rebound.
8:47 of 1st period - Wrist shot by Olli Jokinen.
8:47 of 1st period - Stopped by Jonathan Bernier without a rebound.
8:48 of 1st period - Brad Richards wins face-off versus Antoine Vermette in Ducks zone.
9:44 of 1st period - Brian Gionta is hit by Tyler Bozak and loses puck.
10:19 of 1st period - Andrew MacWilliam is hit by Dion Phaneuf.
10:24 of 1st period - Penalty to Matthew Carle is over, Matthew Carle is back on ice.
10:36 of 1st period - Mike Weber is hit by Jean-Gabriel Pageau and loses puck.
10:43 of 1st period - Maxim Lapierre is hit by Jean-Gabriel Pageau and loses puck.
10:58 of 1st period - Wrist shot by Dion Phaneuf.
10:58 of 1st period - Shot Misses the Net.
11:00 of 1st period - Slapshot by Mike Weber.
11:00 of 1st period - Deflect By Brad Richardson.
11:00 of 1st period - Stopped by Jonathan Bernier with a rebound.
11:02 of 1st period - Wrist shot by Tomas Fleischmann.
11:02 of 1st period - Stopped by Jonathan Bernier without a rebound.
11:03 of 1st period - Brian Gionta wins face-off versus Tyler Bozak in Ducks zone.
11:36 of 1st period - Mike Weber is hit by Tyler Bozak and loses puck.
12:12 of 1st period - Nicolas Deslauriers beats up Brad Richardson.
12:12 of 1st period - Penalty to Brad Richardson for Fighting.
12:12 of 1st period - Penalty to Nicolas Deslauriers for Fighting.
12:13 of 1st period - Vernon Fiddler wins face-off versus Jean-Gabriel Pageau in Sharks zone.
12:13 of 1st period - Vernon Fiddler is hit by Jean-Gabriel Pageau.
12:24 of 1st period - Dion Phaneuf is hit by Johnny Boychuk and loses puck.
12:41 of 1st period - Slapshot by Derek Roy.
12:41 of 1st period - Deflect By Olli Jokinen.
12:41 of 1st period - Shot Misses the Net.
12:41 of 1st period - Puck is out of play.
12:42 of 1st period - Tyler Bozak wins face-off versus Maxim Lapierre in Ducks zone.
13:10 of 1st period - Minor Penalty to Richard Panik for Cross-checking.
13:11 of 1st period - Henrik Sedin wins face-off versus Brian Gionta in Sharks zone.
13:23 of 1st period - Slapshot by Nick Foligno.
13:23 of 1st period - Shot Misses the Net.
13:25 of 1st period - Snap shot by Johnny Boychuk.
13:25 of 1st period - Shot Misses the Net.
13:27 of 1st period - Snap shot by Henrik Sedin.
13:27 of 1st period - Stopped by Jonathan Quick without a rebound.
13:28 of 1st period - Brian Gionta wins face-off versus Henrik Sedin in Sharks zone.
13:51 of 1st period - Slapshot by Henrik Sedin.
13:51 of 1st period - Shot Misses the Net.
13:53 of 1st period - Slapshot by Patrick Kane.
13:53 of 1st period - Stopped by Jonathan Quick with a rebound.
13:55 of 1st period - Slapshot by Nick Foligno.
13:55 of 1st period - Stopped by Jonathan Quick with a rebound.
13:57 of 1st period - Wrist shot by Patrick Kane.
13:57 of 1st period - Shot Misses the Net.
14:19 of 1st period - Wrist shot by Tyler Bozak.
14:19 of 1st period - Deflect By Nikita Kucherov.
14:19 of 1st period - Shot Misses the Net.
14:19 of 1st period - Puck is out of play.
14:20 of 1st period - Tyler Bozak wins face-off versus Brad Richards in Sharks zone.
14:46 of 1st period - Minor Penalty to Mike Weber for Hooking.
14:47 of 1st period - Henrik Sedin wins face-off versus Brad Richards in Sharks zone.
14:51 of 1st period - Wrist shot by Patrick Kane.
14:51 of 1st period - Stopped by Jonathan Quick without a rebound.
14:52 of 1st period - Henrik Sedin wins face-off versus Brad Richards in Sharks zone.
15:10 of 1st period - Penalty to Richard Panik is over, Richard Panik is back on ice.
15:42 of 1st period - Snap shot by Nikita Kucherov.
15:42 of 1st period - Stopped by Jonathan Quick with a rebound.
15:44 of 1st period - Slapshot by James Wisniewski.
15:44 of 1st period - Shot Blocked by Dion Phaneuf.
16:28 of 1st period - Dion Phaneuf is hit by Matthew Carle and loses puck.
16:37 of 1st period - Henrik Sedin is hit by Dion Phaneuf and loses puck.
16:46 of 1st period - Penalty to Mike Weber is over, Mike Weber is back on ice.
16:56 of 1st period - Luca Sbisa is hit by Johnny Boychuk and loses puck.
17:04 of 1st period - Off-side.
17:05 of 1st period - Maxim Lapierre wins face-off versus Jean-Gabriel Pageau in neutral zone.
17:30 of 1st period - Minor Penalty to James Wisniewski for Tripping.
17:31 of 1st period - Antoine Vermette wins face-off versus Vernon Fiddler in Ducks zone.
18:03 of 1st period - Slapshot by Derek Roy.
18:03 of 1st period - Stopped by Jonathan Bernier with a rebound.
18:05 of 1st period - Slapshot by Mike Weber.
18:05 of 1st period - Deflect By Derek Roy.
18:05 of 1st period - Shot Blocked by Johnny Boychuk.
18:05 of 1st period - Puck is out of play.
18:06 of 1st period - Antoine Vermette wins face-off versus Brian Gionta in Ducks zone.
18:47 of 1st period - Derek Roy is hit by Antoine Vermette and loses puck.
19:30 of 1st period - Penalty to James Wisniewski is over, James Wisniewski is back on ice.
19:54 of 1st period - Off-side.
19:55 of 1st period - Maxim Lapierre wins face-off versus Jean-Gabriel Pageau in neutral zone.
19:58 of 1st period - Wrist shot by Tomas Fleischmann.
19:58 of 1st period - Stopped by Jonathan Bernier without a rebound.
19:59 of 1st period - Maxim Lapierre wins face-off versus Jean-Gabriel Pageau in Ducks zone.
Goals for this period are 0 for Sharks vs 1 for Ducks.
Shots for this period are 10 for Sharks vs 12 for Ducks.

2nd period


0:01 of 2nd period - Henrik Sedin wins face-off versus Brad Richards in neutral zone.
0:57 of 2nd period - Snap shot by Jonathan Huberdeau.
0:57 of 2nd period - Shot Misses the Net.
0:59 of 2nd period - Slapshot by Korbinian Holzer.
0:59 of 2nd period - Stopped by Jonathan Quick with a rebound.
1:01 of 2nd period - Slapshot by Matthew Carle.
1:01 of 2nd period - Shot Blocked by Mark Barberio.
1:13 of 2nd period - Slapshot by Jonathan Huberdeau.
1:13 of 2nd period - Stopped by Jonathan Quick with a rebound.
1:25 of 2nd period - Minor Penalty to Dion Phaneuf for Hooking.
1:26 of 2nd period - Henrik Sedin wins face-off versus Brian Gionta in Sharks zone.
1:51 of 2nd period - Snap shot by Erik Cole.
1:51 of 2nd period - Shot Blocked by Andrew MacWilliam.
2:24 of 2nd period - Jay Harrison is hit by Tyler Bozak and loses puck.
2:44 of 2nd period - Ian Cole is hit by Andrew MacWilliam and loses puck.
2:57 of 2nd period - Snap shot by Jonathan Huberdeau.
2:57 of 2nd period - Stopped by Jonathan Quick with a rebound.
2:59 of 2nd period - Snap shot by Matthew Carle.
2:59 of 2nd period - Stopped by Jonathan Quick with a rebound.
3:01 of 2nd period - Slapshot by James Wisniewski.
3:01 of 2nd period - Shot Misses the Net.
3:03 of 2nd period - Slapshot by Matthew Carle.
3:03 of 2nd period - Shot Misses the Net.
3:05 of 2nd period - Snap shot by Tyler Bozak.
3:05 of 2nd period - Shot Misses the Net.
3:07 of 2nd period - Snap shot by Matthew Carle.
3:07 of 2nd period - Shot Misses the Net.
3:09 of 2nd period - Snap shot by Matthew Carle.
3:09 of 2nd period - Shot Blocked by Ian Cole.
3:25 of 2nd period - Penalty to Dion Phaneuf is over, Dion Phaneuf is back on ice.
3:25 of 2nd period - Snap shot by Henrik Sedin.
3:25 of 2nd period - Shot Blocked by Jay Harrison.
3:27 of 2nd period - Slapshot by James Wisniewski.
3:27 of 2nd period - Stopped by Jonathan Quick with a rebound.
4:03 of 2nd period - Snap shot by Brad Richardson.
4:03 of 2nd period - Stopped by Jonathan Quick with a rebound.
4:05 of 2nd period - Wrist shot by Korbinian Holzer.
4:05 of 2nd period - Stopped by Jonathan Quick with a rebound.
4:07 of 2nd period - Snap shot by Korbinian Holzer.
4:07 of 2nd period - Shot Misses the Net.
4:09 of 2nd period - Snap shot by Jean-Gabriel Pageau.
4:09 of 2nd period - Shot Misses the Net.
4:11 of 2nd period - Wrist shot by Korbinian Holzer.
4:11 of 2nd period - Stopped by Jonathan Quick without a rebound.
4:12 of 2nd period - Maxim Lapierre wins face-off versus Antoine Vermette in Sharks zone.
4:14 of 2nd period - Minor Penalty to Richard Panik for Slashing.
4:15 of 2nd period - Brian Gionta wins face-off versus Tyler Bozak in Sharks zone.
4:15 of 2nd period - Brian Gionta is hit by Johnny Boychuk.
4:24 of 2nd period - Mike Weber is hit by Tyler Bozak and loses puck.
6:14 of 2nd period - Penalty to Richard Panik is over, Richard Panik is back on ice.
7:22 of 2nd period - Minor Penalty to Brett Bellemore for Hooking.
7:23 of 2nd period - Vernon Fiddler wins face-off versus Antoine Vermette in Ducks zone.
7:29 of 2nd period - Snap shot by Derek Roy.
7:29 of 2nd period - Shot Misses the Net.
7:31 of 2nd period - Slapshot by Olli Jokinen.
7:31 of 2nd period - Shot Blocked by Korbinian Holzer.
7:33 of 2nd period - Wrist shot by Luca Sbisa.
7:33 of 2nd period - Shot Blocked by James Wisniewski.
7:35 of 2nd period - Slapshot by Vernon Fiddler.
7:35 of 2nd period - Stopped by Jonathan Bernier with a rebound.
7:37 of 2nd period - Wrist shot by Derek Roy.
7:37 of 2nd period - Shot Misses the Net.
7:57 of 2nd period - Patrick Kane is hit by Erik Cole and loses puck.
8:08 of 2nd period - Johnny Boychuk is hit by Erik Cole and loses puck.
9:22 of 2nd period - Penalty to Brett Bellemore is over, Brett Bellemore is back on ice.
10:18 of 2nd period - Tomas Fleischmann is hit by Nikita Kucherov and loses puck.
11:28 of 2nd period - Drew Miller is hit by Dion Phaneuf and loses puck.
12:13 of 2nd period - Snap shot by Jonathan Huberdeau.
12:13 of 2nd period - Stopped by Jonathan Quick without a rebound.
12:14 of 2nd period - Tyler Bozak wins face-off versus Brad Richards in Sharks zone.
12:39 of 2nd period - Johnny Boychuk is hit by Vernon Fiddler and loses puck.
14:27 of 2nd period - Tyler Bozak is hit by Dion Phaneuf and loses puck.
14:36 of 2nd period - Icing by Dion Phaneuf.
14:37 of 2nd period - Nikita Kucherov wins face-off versus Richard Panik in Sharks zone.
14:58 of 2nd period - Wrist shot by Brad Richardson.
14:58 of 2nd period - Stopped by Jonathan Quick with a rebound.
15:00 of 2nd period - Wrist shot by Drew Miller.
15:00 of 2nd period - Shot Blocked by Maxim Lapierre.
15:02 of 2nd period - Snap shot by Drew Miller.
15:02 of 2nd period - Stopped by Jonathan Quick with a rebound.
15:35 of 2nd period - Minor Penalty to Andrew MacWilliam for Roughing.
15:36 of 2nd period - Antoine Vermette wins face-off versus Brad Richards in Ducks zone.
15:49 of 2nd period - Johnny Boychuk is hit by Mike Weber and loses puck.
15:54 of 2nd period - Snap shot by Erik Cole.
15:54 of 2nd period - Deflect By Brad Richards.
15:54 of 2nd period - Stopped by Jonathan Bernier with a rebound.
16:10 of 2nd period - Johnny Boychuk is hit by Olli Jokinen and loses puck.
16:29 of 2nd period - Wrist shot by Brad Richards.
16:29 of 2nd period - Goal by Brad Richards - Sharks : 1 - Ducks : 1.
16:30 of 2nd period - Tyler Bozak wins face-off versus Brian Gionta in neutral zone.
16:35 of 2nd period - Wrist shot by Nikita Kucherov.
16:35 of 2nd period - Shot Blocked by Jay Harrison.
16:37 of 2nd period - Wrist shot by Tyler Bozak.
16:37 of 2nd period - Stopped by Jonathan Quick with a rebound.
16:39 of 2nd period - Wrist shot by Nikita Kucherov.
16:39 of 2nd period - Shot Misses the Net.
16:41 of 2nd period - Slapshot by Matthew Carle.
16:41 of 2nd period - Stopped by Jonathan Quick with a rebound.
16:43 of 2nd period - Slapshot by Matthew Carle.
16:43 of 2nd period - Shot Blocked by Curtis Glencross.
16:45 of 2nd period - Slapshot by Korbinian Holzer.
16:45 of 2nd period - Stopped by Jonathan Quick without a rebound.
16:46 of 2nd period - Tyler Bozak wins face-off versus Brian Gionta in Sharks zone.
18:13 of 2nd period - Brendan Mikkelson is hit by Jean-Gabriel Pageau and loses puck.
18:20 of 2nd period - Dion Phaneuf is hit by Jean-Gabriel Pageau and loses puck.
18:27 of 2nd period - Derek Roy is hit by Jean-Gabriel Pageau.
19:10 of 2nd period - Snap shot by Tomas Fleischmann.
19:10 of 2nd period - Shot Misses the Net.
19:12 of 2nd period - Slapshot by Brendan Mikkelson.
19:12 of 2nd period - Shot Misses the Net.
19:40 of 2nd period - Wrist shot by Jonathan Huberdeau.
19:40 of 2nd period - Shot Misses the Net.
Goals for this period are 1 for Sharks vs 0 for Ducks.
Shots for this period are 3 for Sharks vs 14 for Ducks.

3rd period


0:01 of 3rd period - Henrik Sedin wins face-off versus Brad Richards in neutral zone.
0:09 of 3rd period - Minor Penalty to Brian Gionta for Goalie Interference.
0:10 of 3rd period - Henrik Sedin wins face-off versus Curtis Glencross in Sharks zone.
0:36 of 3rd period - Slapshot by Patrick Kane.
0:36 of 3rd period - Stopped by Jonathan Quick without a rebound.
0:37 of 3rd period - Curtis Glencross wins face-off versus Tyler Bozak in Sharks zone.
0:46 of 3rd period - Mike Weber is hit by Tyler Bozak.
1:34 of 3rd period - Erik Cole is hit by James Wisniewski and loses puck.
1:47 of 3rd period - Dion Phaneuf is hit by Patrick Kane and loses puck.
2:09 of 3rd period - Penalty to Brian Gionta is over, Brian Gionta is back on ice.
2:31 of 3rd period - Wrist shot by Jean-Gabriel Pageau.
2:31 of 3rd period - Stopped by Jonathan Quick with a rebound.
2:41 of 3rd period - Vernon Fiddler is hit by Jean-Gabriel Pageau and loses puck.
2:58 of 3rd period - Minor Penalty to Christian Folin for Goalie Interference.
2:59 of 3rd period - Brad Richards wins face-off versus Antoine Vermette in Ducks zone.
3:06 of 3rd period - Snap shot by Brad Richards.
3:06 of 3rd period - Shot Misses the Net.
3:16 of 3rd period - Slapshot by Dion Phaneuf.
3:16 of 3rd period - Deflect By Johnny Boychuk.
3:16 of 3rd period - Stopped by Jonathan Bernier with a rebound.
3:40 of 3rd period - Slapshot by Dion Phaneuf.
3:40 of 3rd period - Deflect By Olli Jokinen.
3:40 of 3rd period - Stopped by Jonathan Bernier with a rebound.
3:42 of 3rd period - Snap shot by Vernon Fiddler.
3:42 of 3rd period - Shot Misses the Net.
4:04 of 3rd period - Slapshot by Brad Richards.
4:04 of 3rd period - Goal by Brad Richards - Sharks : 2 - Ducks : 1.
4:05 of 3rd period - Tyler Bozak wins face-off versus Richard Panik in neutral zone.
4:18 of 3rd period - Slapshot by Nikita Kucherov.
4:18 of 3rd period - Stopped by Jonathan Quick without a rebound.
4:19 of 3rd period - Maxim Lapierre wins face-off versus Nikita Kucherov in Sharks zone.
4:19 of 3rd period - Maxim Lapierre is hit by Nikita Kucherov.
4:46 of 3rd period - Minor Penalty to Christian Folin for Holding.
4:47 of 3rd period - Antoine Vermette wins face-off versus Vernon Fiddler in Ducks zone.
4:57 of 3rd period - Wrist shot by Derek Roy.
4:57 of 3rd period - Stopped by Jonathan Bernier with a rebound.
5:06 of 3rd period - Icing by Dion Phaneuf.
5:07 of 3rd period - Vernon Fiddler wins face-off versus Antoine Vermette in Sharks zone.
5:20 of 3rd period - Andrew MacWilliam is hit by Dion Phaneuf and loses puck.
5:53 of 3rd period - Brian Gionta is hit by Andrew MacWilliam and loses puck.
6:46 of 3rd period - Penalty to Christian Folin is over, Christian Folin is back on ice.
6:47 of 3rd period - Christian Folin is hit by Erik Cole.
7:01 of 3rd period - Drew Miller is hit by Brian Gionta and loses puck.
7:33 of 3rd period - Minor Penalty to Korbinian Holzer for Cross-checking.
7:34 of 3rd period - Henrik Sedin wins face-off versus Vernon Fiddler in Ducks zone.
8:18 of 3rd period - Brian Gionta is hit by Christian Folin and loses puck.
8:50 of 3rd period - Jay Harrison is hit by James Wisniewski and loses puck.
9:33 of 3rd period - Penalty to Korbinian Holzer is over, Korbinian Holzer is back on ice.
9:47 of 3rd period - Richard Panik is hit by James Wisniewski and loses puck.
10:28 of 3rd period - Snap shot by Brad Richardson.
10:28 of 3rd period - Stopped by Jonathan Quick without a rebound.
10:29 of 3rd period - Brian Gionta wins face-off versus Tyler Bozak in Sharks zone.
10:29 of 3rd period - Brian Gionta is hit by Nikita Kucherov.
10:32 of 3rd period - Minor Penalty to Nicolas Deslauriers for Hooking.
10:33 of 3rd period - Tyler Bozak wins face-off versus Brian Gionta in Sharks zone.
11:36 of 3rd period - Vernon Fiddler is hit by Nick Foligno and loses puck.
11:49 of 3rd period - Dion Phaneuf is hit by Tyler Bozak and loses puck.
12:02 of 3rd period - Wrist shot by Derek Roy.
12:02 of 3rd period - Shot Blocked by Andrew MacWilliam.
12:04 of 3rd period - Snap shot by Dion Phaneuf.
12:04 of 3rd period - Stopped by Jonathan Bernier without a rebound.
12:05 of 3rd period - Curtis Glencross wins face-off versus Henrik Sedin in Ducks zone.
12:18 of 3rd period - Wrist shot by Nick Foligno.
12:18 of 3rd period - Shot Blocked by Dion Phaneuf.
12:20 of 3rd period - Slapshot by Matthew Carle.
12:20 of 3rd period - Stopped by Jonathan Quick without a rebound.
12:21 of 3rd period - Henrik Sedin wins face-off versus Brian Gionta in Sharks zone.
12:32 of 3rd period - Penalty to Nicolas Deslauriers is over, Nicolas Deslauriers is back on ice.
13:22 of 3rd period - Olli Jokinen is hit by Jean-Gabriel Pageau and loses puck.
13:29 of 3rd period - Slapshot by Brendan Mikkelson.
13:29 of 3rd period - Shot Misses the Net.
13:58 of 3rd period - Nick Foligno is hit by Maxim Lapierre and loses puck.
14:11 of 3rd period - Slapshot by Nick Foligno.
14:11 of 3rd period - Stopped by Jonathan Quick without a rebound.
14:12 of 3rd period - Vernon Fiddler wins face-off versus Henrik Sedin in Sharks zone.
14:18 of 3rd period - Minor Penalty to James Wisniewski for Interference.
14:19 of 3rd period - Vernon Fiddler wins face-off versus Antoine Vermette in Ducks zone.
14:19 of 3rd period - Backhand shot by Derek Roy.
14:19 of 3rd period - Shot Blocked by Patrick Kane.
14:21 of 3rd period - Slapshot by Vernon Fiddler.
14:21 of 3rd period - Goal by Vernon Fiddler - Sharks : 3 - Ducks : 1.
14:22 of 3rd period - Vernon Fiddler wins face-off versus Henrik Sedin in neutral zone.
14:27 of 3rd period - Snap shot by Olli Jokinen.
14:27 of 3rd period - Shot Misses the Net.
14:29 of 3rd period - Wrist shot by Olli Jokinen.
14:29 of 3rd period - Stopped by Jonathan Bernier without a rebound.
14:30 of 3rd period - Henrik Sedin wins face-off versus Vernon Fiddler in Ducks zone.
15:49 of 3rd period - Wrist shot by Nikita Kucherov.
15:49 of 3rd period - Shot Blocked by Brad Richards.
15:51 of 3rd period - Slapshot by James Wisniewski.
15:51 of 3rd period - Shot Misses the Net.
15:53 of 3rd period - Snap shot by Nikita Kucherov.
15:53 of 3rd period - Stopped by Jonathan Quick with a rebound.
15:55 of 3rd period - Slapshot by Tyler Bozak.
15:55 of 3rd period - Shot Misses the Net.
16:55 of 3rd period - Wrist shot by Tomas Fleischmann.
16:55 of 3rd period - Shot Misses the Net.
17:07 of 3rd period - Slapshot by Dion Phaneuf.
17:07 of 3rd period - Shot Hit the Post.
17:17 of 3rd period - Snap shot by Tomas Fleischmann.
17:17 of 3rd period - Stopped by Jonathan Bernier without a rebound.
17:18 of 3rd period - Tyler Bozak wins face-off versus Vernon Fiddler in Ducks zone.
18:03 of 3rd period - Minor Penalty to Richard Panik for Hooking.
18:04 of 3rd period - Brian Gionta wins face-off versus Patrick Kane in Sharks zone.
18:04 of 3rd period - Brian Gionta is hit by James Wisniewski.
18:12 of 3rd period - Off-side.
18:13 of 3rd period - Brian Gionta wins face-off versus Patrick Kane in neutral zone.
18:23 of 3rd period - Jay Harrison is hit by Nick Foligno and loses puck.
18:40 of 3rd period - Snap shot by Patrick Kane.
18:40 of 3rd period - Shot Misses the Net.
19:00 of 3rd period - Dion Phaneuf is hit by James Wisniewski and loses puck.
19:26 of 3rd period - Patrick Kane is hit by Dion Phaneuf and loses puck.
Goals for this period are 2 for Sharks vs 0 for Ducks.
Shots for this period are 8 for Sharks vs 7 for Ducks.